 Dungeon Crawl Stone Soup version 0.26-a0-664-gc8b27b8fc1 (webtiles) character file.

Game seed: 2499233283821671643

3498 Napalmbreeze the Grappler (level 9, -1/92 HPs)
             Began as a Troll Fighter on Oct 13, 2020.
             Was an Initiate of Makhleb.
             Slain by a killer bee (5 damage)
             ... on level 9 of the Dungeon.
             The game lasted 00:13:37 (7538 turns).

Napalmbreeze the Grappler (Troll Fighter)           Turns: 7538, Time: 00:13:37

Health: -1/92      AC:  7    Str: 29    XL:     9   Next: 80%
Magic:  8/8        EV:  9    Int:  4    God:    Makhleb [......]
Gold:   717        SH: 10    Dex:  9    Spells: 8/8 levels left

rFire    . . .     SeeInvis .     - Unarmed
rCold    . . .     Faith    .   b - +0 kite shield
rNeg     . . .     Spirit   .   a - +0 robe
rPois    .         Reflect  .   (helmet restricted)
rElec    .         Harm     .   p - +0 cloak
rCorr    .         Rampage  .   (gloves unavailable)
MR       .....                  (boots unavailable)
Stlth    +.........             (no amulet)
HPRegen  0.65/turn              (no ring)
MPRegen  0.11/turn              (no ring)

@: no status effects
A: large, unfitting armour, claws 3, regeneration 1, shaggy fur 1, tough skin 3
a: Renounce Religion


You were on level 9 of the Dungeon.
You worshipped Makhleb.
Makhleb was noncommittal.
You visited 2 branches of the dungeon, and saw 11 of its levels.

You collected 717 gold pieces.

Inventory:

Hand Weapons
 r - a +1 dagger of venom
 z - a +2 war axe of flaming
Missiles
 A - 7 curare-tipped darts (quivered)
Armour
 a - a +0 robe (worn)
 b - a +0 kite shield (worn)
 p - a +0 cloak (worn)
Jewellery
 m - an uncursed ring of positive energy
Wands
 h - a wand of enslavement (19)
 w - a wand of acid (20)
 B - a wand of digging (5)
Scrolls
 d - 5 scrolls of immolation
 f - 4 scrolls of teleportation
 g - 10 scrolls of remove curse
 i - 7 scrolls of magic mapping
 k - 3 scrolls of enchant armour {unknown}
 l - 3 scrolls of blinking {unknown}
 n - a scroll of noise {unknown}
 s - 3 scrolls of fog {unknown}
 t - 2 scrolls of identify
 y - a scroll of enchant weapon {unknown}
 D - a scroll of summoning {unknown}
 F - a scroll of vulnerability {unknown}
Potions
 c - a potion of might
 e - 3 potions of curing
 j - 5 potions of heal wounds
 o - a potion of ambrosia {unknown}
 q - a potion of flight {unknown}
 u - 2 potions of haste {unknown}
 v - 4 potions of magic {unknown}
 x - 2 potions of berserk rage {unknown}
 E - a potion of degeneration {unknown}
Miscellaneous
 C - a box of beasts (3/3)


   Skills:
 + Level 6.4 Fighting
 + Level 2.8 Throwing
 - Level 2.4 Dodging
 - Level 5.0 Shields
 * Level 10.4 Unarmed Combat
 + Level 1.3 Invocations


You had 8 spell levels left.
You didn't know any spells.
Your spell library contained the following spells:

 Spells                   Type           Power        Failure   Level
 Animate Skeleton         Necr           #.....       80%         1
 Beastly Appendage        Tmut           #.....       80%         1
 Pain                     Necr           #...         80%         1
 Wereblood                Tmut           #.......     90%         2
 Spider Form              Tmut/Pois      #.........   99%         3
 Vampiric Draining        Necr           #.........   99%         3
 Animate Dead             Necr           #.........   100%        4
 Ice Form                 Ice/Tmut       #.......     100%        4
 Agony                    Necr           #.......     100%        5
 Blade Hands              Tmut           #.........   100%        5


Dungeon Overview and Level Annotations

Branches:
Dungeon (10/15)            Temple (1/1) D:6
   Lair: D:8-11         Orc: D:9-12

Altars:
Ashenzari
Cheibriados
Dithmenos
Elyvilon
Fedhas
Gozag
Hepliaklqana
Kikubaaqudgha
Makhleb
Nemelex Xobeh
Okawaru
Qazlal
Ru
Sif Muna
Trog
Uskayaw
Vehumet
Wu Jian
Xom
Yredelemnul
Zin
The Shining One

Shops:
D:8 (


Innate Abilities, Weirdness & Mutations

You are too large for most types of armour.
You have claws for hands.
Your natural rate of healing is unusually fast.
You are covered in fur. (AC +1)
You have extremely tough skin. (AC +3)


Message History

You barely miss the killer bee.
The killer bee is almost dead.
You feel sick. The killer bee stings you.
* * * LOW HITPOINT WARNING * * *
You are more poisoned.
The killer bee poisons you! The killer bee stings you!
* * * LOW HITPOINT WARNING * * *
You block the killer bee's attack. x2
You scratch the killer bee but do no damage.
The killer bee is almost dead.
You feel sick. The killer bee barely misses you. The killer bee stings you.
* * * LOW HITPOINT WARNING * * *
The killer bee stings you!
* * * LOW HITPOINT WARNING * * *
You block the killer bee's attack.
You feel better. The killer bee stings you.
* * * LOW HITPOINT WARNING * * *
You block the killer bee's attack. The killer bee barely misses you.
The killer bee stings you.
You die...

....# #......# #.......#######
....# #......# #.......#.....###
....# #......###.........#...##.
....# #................##..####.
.#### #......###.......##.## #. .#
#......####.........# ## .#
#######......############# .#
######.#y..## #........ .#
#.......@..######........ .#
###.......y................ .#
##..............####........
.#####..#..........รท.###..)......
........#(.......................
..................#######........
........#........)# #........
..###............[# #........
..###.........#..)# #####.#..


You could see 2 killer bees.

Vanquished Creatures
  A hornet (D:7)
  A steam dragon (D:8)
  2 insubstantial wisps (D:8)
  An orc warrior (D:9)
  A black bear (D:9)
  A phantom (D:6)
  A sky beast (D:8)
  4 ogres
  4 ice beasts
  A necrophage (D:9)
  A big kobold (D:8)
  A bullfrog (D:9)
  2 scorpions
  8 killer bees (D:8)
  8 wights
  A howler monkey (D:4)
  A centaur zombie (D:6)
  A centaur skeleton (D:7)
  A hound (D:5)
  3 bullfrog skeletons
  3 jellies
  2 orc wizards (D:4)
  Crazy Yiuf (D:3)
  3 iguanas
  2 worker ants
  A killer bee zombie (D:6)
  A hound zombie (D:7)
  A worker ant zombie (D:8)
  6 gnolls
  4 adders
  2 shadow imps
  An ufetubus (D:5)
  3 oozes
  2 adder skeletons
  2 adder zombies
  6 worms
  5 dart slugs
  7 leopard geckos
  9 orcs
  6 bats
  6 giant cockroaches
  10 goblins
  4 hobgoblins
  12 jackals
  2 ball pythons
  8 frilled lizards
  A jackal zombie (D:8)
  7 kobolds
  A leopard gecko zombie (D:8)
  6 rats
168 creatures vanquished.

Vanquished Creatures (others)
  2 sky beasts (D:8)
  3 fungi (D:5)
  5 toadstools (D:5)
10 creatures vanquished.

Grand Total: 178 creatures vanquished

Notes
Turn   | Place    | Note
-------+----------+-------------------------------------------
     0 | D:1      | Napalmbreeze the Troll Fighter began the quest for the Orb.
     0 | D:1      | Reached XP level 1. HP: 22/22 MP: 0/0
   124 | D:1      | Reached XP level 2. HP: 28/29 MP: 1/1
   369 | D:1      | Reached XP level 3. HP: 36/36 MP: 2/2
   965 | D:2      | Found a blossoming altar of Fedhas.
  1138 | D:2      | Reached XP level 4. HP: 39/45 MP: 3/3
  1743 | D:3      | Reached skill level 3 in Unarmed Combat
  2235 | D:3      | Reached XP level 5. HP: 36/53 MP: 4/4
  2322 | D:3      | Found a runed translucent door.
  2323 | D:3      | Noticed Crazy Yiuf
  2417 | D:3      | Killed Crazy Yiuf
  2709 | D:4      | Found a glowing silver altar of Zin.
  2814 | D:4      | Found a bloodstained altar of Trog.
  2908 | D:4      | Found an ancient bone altar of Kikubaaqudgha.
  2922 | D:4      | Reached XP level 6. HP: 62/62 MP: 5/5
  2925 | D:4      | Reached skill level 4 in Unarmed Combat
  3159 | D:4      | Found an iron altar of Okawaru.
  3348 | D:5      | Entered Level 5 of the Dungeon
  3823 | D:5      | Reached XP level 7. HP: 71/71 MP: 6/6
  3950 | D:6      | Found a staircase to the Ecumenical Temple.
  3957 | Temple   | Entered the Ecumenical Temple
  4215 | D:6      | Reached skill level 5 in Fighting
  4215 | D:6      | Reached skill level 5 in Unarmed Combat
  4246 | D:6      | Reached skill level 5 in Shields
  4462 | D:6      | Reached skill level 6 in Unarmed Combat
  4462 | D:6      | Reached XP level 8. HP: 68/80 MP: 7/7
  4677 | D:6      | Found a broken altar of Ashenzari.
  4687 | D:6      | Found a snail-covered altar of Cheibriados.
  5142 | D:6      | Reached skill level 7 in Unarmed Combat
  5367 | D:7      | Found a white marble altar of Elyvilon.
  5408 | D:7      | Reached skill level 8 in Unarmed Combat
  5416 | D:7      | Found a radiant altar of Vehumet.
  5586 | D:7      | Found a broken altar of Ashenzari.
  5669 | D:7      | Noticed a hornet
  5677 | D:7      | Paralysed by a hornet for 3 turns
  5681 | D:7      | Killed a hornet
  5872 | D:7      | Reached skill level 9 in Unarmed Combat
  5872 | D:7      | Reached XP level 9. HP: 88/88 MP: 8/8
  6241 | D:8      | Reached skill level 1 in Throwing
  6498 | D:8      | Found a sacrificial altar of Ru.
  6624 | D:8      | Found Xuat's Antique Weapon Shoppe.
  6670 | D:8      | Reached skill level 10 in Unarmed Combat
  7130 | D:9      | Found a burning altar of Makhleb.
  7137 | D:9      | Became a worshipper of Makhleb the Destroyer
  7183 | D:9      | Reached skill level 1 in Invocations
  7511 | D:10     | Entered Level 10 of the Dungeon
  7537 | D:9      | HP: 4/91 [killer bee (8)]
  7538 | D:9      | Slain by a killer bee

Illustrated notes

Levels and vault maps discovered:
D:1:      beargit_arrival_greenhouse, layout_loops_corners, minivault_14,
          minmay_hedge_maze
D:2:      layout_basic, fedhas_ov_isle_minmay, minmay_tromino_v2
D:3:      layout_loops_ring, st_stairs_3, chequers_serial_rivers_large_a,
          kennysheep_generic_room_16, uniq_crazy_yiuf_cottage
D:4:      layout_loops_ring, overflow_temple_1_default, kennysheep_little_box,
          kiku_gazebo_pond_becter, okawaru_metal_pillars_1_2
D:5:      layout_loops_ring, minmay_gold_behind_fungi
D:6:      layout_loops_ring, minitemple, minmay_temple_entry_drinking_statues
D:7:      layout_loops_ring, elyvilon_altar_3, lemuel_round_altar,
          kennysheep_donut, ashenzari_altar_1
D:8:      layout_loops_ring, lemuel_doored_altar, serial_shops, shop,
          hangedman_misty_isle
D:9:      layout_rooms, lemuel_crystal_altar
D:10:     layout_gridville, david_orc_4, serial_shops, shop, minmay_starry_boxes
Temple:   minmay_temple_bridge_abc

Skill      XL: |  1  2  3  4  5  6  7  8  9 |
---------------+----------------------------+-----
Fighting       | 3 4 5 6 |  6.4
Shields        | 3 4 5 |  5.0
Unarmed Combat | 3 4 6 9 10 | 10.4
Throwing       | 2 |  2.8
Invocations    | 1 |  1.3
Dodging        | |  2.4

Action                   |  1- 3 |  4- 6 |  7- 9 || total
-------------------------+-------+-------+-------++-------
Melee: Unarmed           |   154 |   176 |   286 ||   616
  Use: Scroll            |     2 |     2 |     4 ||     8
       Potion            |       |       |     1 ||     1
 Stab: Sleeping          |     1 |       |       ||     1
Armor: Robe              |    56 |    38 |    75 ||   169
Dodge: Dodged            |    39 |    36 |    88 ||   163
Block: Kite shield       |    55 |    59 |   119 ||   233

Table legend: (Time is in decaauts)
 A = Elapsed time spent in this place.
 B = Non-inter-level travel time spent in this place.
 C = Inter-level travel time spent in this place.
 D = Time resting spent in this place.
 E = Time spent auto-exploring this place.
 F = Levels seen in this place.
 G = Mean time per level.
                   A        B        C        D        E       F      G
               +--------+--------+--------+--------+--------+-----+--------+
         Total |   7538 |   7183 |    355 |    924 |   4247 |  11 |  685.3 |
       Dungeon |   7455 |   7121 |    334 |    924 |   4201 |  10 |  745.5 |
        Temple |     83 |     62 |     21 |      0 |     46 |   1 |   83.0 |
               +--------+--------+--------+--------+--------+-----+--------+

Top non-repeatable levels by time:
     D:8: 1181 daAuts
     D:6: 1175 daAuts
     D:3: 964 daAuts
     D:2: 859 daAuts
     D:1: 848 daAuts
     D:7: 704 daAuts
     D:4: 703 daAuts
     D:5: 600 daAuts
     D:9: 399 daAuts
  Temple: 83 daAuts
    D:10: 17 daAuts
